 Dungeon Crawl Stone Soup version 0.28-a0-1638-g9123634e07 (webtiles) character file.

Game seed: 3005786132959687012

214 frimble the Cutter (level 5, 0/29 (38) HPs)
             Began as a Demonspawn Warper on Jan 25, 2022.
             Slain by an iguana (6 damage)
             ... on level 4 of the Dungeon.
             The game lasted 00:05:25 (5097 turns).

frimble the Cutter (Demonspawn Warper)              Turns: 5097, Time: 00:05:26

HP:   0/29 (38)     AC:  8    Str: 14    XL:     5   Next: 59%
MP:   8/8           EV: 10    Int: 14    God:
Gold: 212           SH:  0    Dex: 12    Spells: 3/8 levels left

rFire   . . .      SeeInvis .   a - +0 short sword
rCold   . . .      Faith    .   (no shield)
rNeg    . . .      Spirit   .   k - +0 ring mail
rPois   .          Reflect  .   (no helmet)
rElec   .          Harm     .   (no cloak)
rCorr   .          Rampage  .   (no gloves)
Will    .....                   b - +0 pair of boots
Stlth   +.........              (no amulet)
HPRegen 0.09/turn               (no ring)
MPRegen 0.22/turn               (no ring)

@: heavily drained
A: yellow scales 1, powered by death 1, magic regeneration
a: no special abilities


You were on level 4 of the Dungeon.
You visited 1 branch of the dungeon, and saw 4 of its levels.

You collected 212 gold pieces.

Inventory:

Hand Weapons
 a - a +0 short sword (weapon)
Armour
 b - a +0 pair of boots (worn)
 k - a +0 ring mail (worn)
Scrolls
 f - 2 scrolls of teleportation
 h - a scroll of amnesia
 j - a scroll of fog
Potions
 i - a potion of curing
 l - a potion of haste {unknown}
 n - a potion of degeneration {unknown}


   Skills:
 - Level 2.0 Fighting
 + Level 4.9 Short Blades
 - Level 0.8 Throwing
 - Level 0.8 Armour
 - Level 1.7 Dodging
 - Level 2.0 Spellcasting
 - Level 2.7 Translocations
 + Level 1.7 Ice Magic


You had 3 spell levels left.
You knew the following spells:

 Your Spells              Type           Power      Damage    Failure   Level
a - Blink                 Tloc           16%        N/A       24%         2
b - Frozen Ramparts       Ice            12%        1d3       56%         3

Your spell library contained the following spells:

 Spells                   Type           Power      Damage    Failure   Level
 Freeze                   Ice            24%        1d5       24%         1
 Summon Small Mammal      Summ           4%         N/A       43%         1
 Gell's Gravitas          Tloc           8%         N/A       43%         3
 Lesser Beckoning         Tloc           8%         N/A       43%         3
 Teleport Other           Tloc           8%         N/A       43%         3
 Call Canine Familiar     Summ           1%         N/A       82%         3
 Summon Guardian Golem    Hex/Summ       1%         N/A       82%         3
 Hailstorm                Conj/Ice       3%         3d3       98%         4
 Ice Form                 Ice/Tmut       3%         N/A       98%         4
 Summon Ice Beast         Ice/Summ       3%         N/A       98%         4
 Manifold Assault         Tloc           8%         N/A       99%         5


Dungeon Overview and Level Annotations

Branches:
Dungeon (4/15)
 Temple: D:4-7

Altars:
Cheibriados


Innate Abilities, Weirdness & Mutations

You are partially covered in yellow scales. (AC +2)
You regenerate a little health from kills.
You regenerate magic rapidly.


Message History

HP restored.
An iguana comes into view.
The iguana hisses angrily.
You start putting on your armour.
You continue putting on your +0 pair of boots.
The iguana barely misses you.
You continue putting on your +0 pair of boots.
The iguana bites you!
Keep equipping yourself?
You continue putting on your +0 pair of boots.
The iguana misses you.
You continue putting on your +0 pair of boots.
The iguana barely misses you.
You finish putting on your +0 pair of boots.
You barely miss the iguana. The iguana bites you.
You hit the iguana.
The iguana is lightly wounded.
The iguana barely misses you.
You hit the iguana but do no damage.
The iguana is lightly wounded.
The iguana bites you but does no damage.
You hit the iguana.
The iguana is lightly wounded.
The iguana completely misses you.
You hit the iguana but do no damage.
The iguana is lightly wounded.
The iguana misses you.
You hit the iguana but do no damage.
The iguana is lightly wounded.
The iguana barely misses you.
You hit the iguana.
The iguana is moderately wounded.
You hit the iguana but do no damage.
The iguana is moderately wounded.
The iguana bites you!
* * * LOW HITPOINT WARNING * * *
You hit the iguana but do no damage.
The iguana is moderately wounded.
The iguana bites you.
You die...

... #
#.#
.#
... .
#.#.#
##.#.
...
#l#
#@#
#.#
#.#
#)#
#.#
###<#
#...#
###
#.###
..#
#.#


You could see an iguana.

Vanquished Creatures
  3 gnolls
  2 river rats (D:3)
  10 adders
  2 dart slugs
  7 orcs
  4 bats
  3 endoplasms (D:1)
  2 giant cockroaches (D:2)
  11 goblins
  5 hobgoblins
  3 jackals
  4 kobolds
  A quokka (D:3)
  5 ball pythons
  4 frilled lizards
  2 rats
68 creatures vanquished.

Notes
Turn   | Place    | Note
-------+----------+-------------------------------------------
     0 | D:1      | frimble the Demonspawn Warper began the quest for the Orb.
     0 | D:1      | Reached XP level 1. HP: 16/16 MP: 3/3
   315 | D:1      | Reached skill level 2 in Short Blades
   577 | D:1      | Gained mutation: You regenerate magic rapidly. [demonic
                  | ancestry]
   577 | D:1      | Reached XP level 2. HP: 16/22 MP: 5/5
  1073 | D:1      | Found a faded altar of an unknown god.
  1782 | D:1      | Reached skill level 3 in Short Blades
  2023 | D:2      | Gained mutation: You are partially covered in yellow
                  | scales. (AC +2) [demonic ancestry]
  2023 | D:2      | Reached XP level 3. HP: 6/27 MP: 6/6
  2644 | D:1      | Reached XP level 4. HP: 24/33 MP: 7/7
  2766 | D:1      | Reached skill level 4 in Short Blades
  3528 | D:3      | Learned a level 2 spell: Blink
  3533 | D:3      | Learned a level 3 spell: Frozen Ramparts
  3686 | D:3      | Found a snail-covered altar of Cheibriados.
  3764 | D:3      | Gained mutation: You regenerate a little health from kills.
                  | [demonic ancestry]
  3764 | D:3      | Reached XP level 5. HP: 18/38 MP: 8/8
  4015 | D:3      | Reached skill level 1 in Ice Magic
  5097 | D:4      | Slain by an iguana

Illustrated notes

Levels and vault maps discovered:
D:1:      minmay_arrival_loop, layout_basic,
          shapermc_ecumenical_altar_notcrosses
D:2:      layout_rooms, serial_bayou_pond_c
D:3:      layout_rooms, amcnicky_altar_gilded, lightli_sewer_entry_pipes,
          chequers_decorated_corner, dk_noncrumbling_2
D:4:      layout_loops_cross, mainiacjoe_overflow_paths

Skill      XL: |  1  2  3  4  5 |
---------------+----------------+-----
Short Blades   | 2 3 4 |  4.9
Ice Magic      | 1 |  1.7
Fighting       | |  2.0
Throwing       | |  0.8
Armour         | |  0.8
Dodging        | |  1.7
Spellcasting   | |  2.0
Translocations | |  2.7

Action                   |  1- 3 |  4- 6 || total
-------------------------+-------+-------++-------
Melee: Short sword       |   141 |   266 ||   407
       Punch             |     2 |     6 ||     8
Throw: Boomerang         |     1 |     4 ||     5
       Throwing net      |       |     2 ||     2
 Cast: Blink             |       |     4 ||     4
  Use: Scroll            |       |     7 ||     7
       Potion            |       |     3 ||     3
 Stab: Held in net/web   |       |     1 ||     1
Armor: Leather armour    |     7 |       ||     7
       Ring mail         |    42 |    90 ||   132
Dodge: Dodged            |    91 |   132 ||   223

Table legend: (Time is in decaauts)
 A = Elapsed time spent in this place.
 B = Non-inter-level travel time spent in this place.
 C = Inter-level travel time spent in this place.
 D = Time resting spent in this place.
 E = Time spent auto-exploring this place.
 F = Levels seen in this place.
 G = Mean time per level.
                   A        B        C        D        E       F      G
               +--------+--------+--------+--------+--------+-----+--------+
         Total |   5076 |   4919 |    157 |    839 |   3263 |   4 | 1269.0 |
       Dungeon |   5076 |   4919 |    157 |    839 |   3263 |   4 | 1269.0 |
               +--------+--------+--------+--------+--------+-----+--------+

Top non-repeatable levels by time:
     D:1: 2090 daAuts
     D:2: 1421 daAuts
     D:3: 969 daAuts
     D:4: 595 daAuts
